[ AOE2 MATCH · #504863314 ]
UnrankedItalians vs Tupi
Player's team · WIN
Rival team · LOSS
[ REPLAY ANALYSIS · EXTRACTED FROM THE RECORDED GAME ]
Feudal
8:40
Castle
17:39
Imperial
29:03
| APM avg | 61.2 |
| APM peak | 130 |
| eAPM avg | 35.1 |
| Villagers / military | 98 / 53 |
Focus
⚔️ 58.2% · 🌾 41.8%
Skirmisher ×26 · Hand Cannoneer ×17 · Trebuchet (Packed) ×4 · Mangonel ×3 · Scorpion ×1 · Bombard Cannon ×1
Feudal
11:23
Castle
15:18
Imperial
—
| APM avg | 55.9 |
| APM peak | 115 |
| eAPM avg | 36.6 |
| Villagers / military | 106 / 19 |
Focus
⚔️ 64.1% · 🌾 35.9%
Unknown (2579) ×22 · Unknown (2582) ×15 · Battering Ram ×7 · Petard ×6 · Monk ×3 · Mangonel ×3
Match map
Initial resources + every placement click. Lines = walls · curves = elevation contours. ◆ gold · ⬟ stone · ● berries · ✦ relic · ◌ wall gap
Your base· ✓ Closed at 17:39 · 26t walls · 2 gate(s)
Emu Warrior's base· ✓ Closed at 15:18 · 6t walls · 3 gate(s)
Smoothed initial terrain · ◌ = detected wall gap · hover for details
Inputs per minute
— DS_VarVa - - Emu Warrior
Build order — DS_VarVa
First 150 of 254 actions detected
| 0:00 | Create | Villager (Male) |
| 0:00 | Create | Villager (Male) |
| 0:01 | Create | Villager (Male) |
| 0:02 | Build | House |
| 0:03 | Build | House |
| 0:05 | Create | Villager (Male) |
| 0:06 | Create | Villager (Male) |
| 1:12 | Create | Villager (Male) |
| 1:43 | Create | Villager (Male) |
| 2:07 | Create | Villager (Male) |
| 2:11 | Build | Lumber Camp |
| 2:31 | Create | Villager (Male) |
| 2:59 | Create | Villager (Male) |
| 3:26 | Build | House |
| 3:31 | Build | Palisade Wall |
| 3:32 | Build | Palisade Wall |
| 3:37 | Create | Villager (Male) |
| 3:37 | Create | Villager (Male) |
| 3:56 | Build | Palisade Wall |
| 4:03 | Create | Villager (Male) |
| 4:36 | Create | Villager (Male) |
| 5:05 | Build | Mining Camp |
| 5:15 | Build | Palisade Wall |
| 5:25 | Create | Villager (Male) |
| 5:31 | Research | Loom |
| 6:30 | Research | Feudal Age |
| 7:09 | Build | House |
| 8:12 | Create | Villager (Male) |
| 8:24 | Create | Villager (Male) |
| 8:40 | Age | Feudal Age |
| 8:41 | Build | Watch Tower |
| 8:42 | Research | Double-Bit Axe |
| 8:44 | Create | Villager (Male) |
| 8:56 | Create | Villager (Male) |
| 8:58 | Create | Villager (Male) |
| 8:59 | Create | Villager (Male) |
| 9:11 | Build | Mill |
| 9:55 | Create | Villager (Male) |
| 10:08 | Create | Villager (Male) |
| 10:09 | Build | Farm |
| 10:14 | Build | House |
| 10:29 | Build | House |
| 10:33 | Build | House |
| 10:40 | Create | Villager (Male) |
| 11:04 | Create | Villager (Male) |
| 11:05 | Create | Villager (Male) |
| 11:51 | Create | Villager (Male) |
| 11:51 | Create | Villager (Male) |
| 11:59 | Create | Villager (Male) |
| 12:01 | Build | Farm |
| 12:16 | Create | Villager (Male) |
| 12:16 | Create | Villager (Male) |
| 12:18 | Build | Blacksmith |
| 12:21 | Build | Market |
| 12:22 | Create | Villager (Male) |
| 12:44 | Create | Villager (Male) |
| 13:31 | Create | Villager (Male) |
| 13:33 | Build | Mining Camp |
| 14:08 | Create | Villager (Male) |
| 14:10 | Build | Farm |
| 14:13 | Build | Farm |
| 14:59 | Research | Castle Age |
| 15:27 | Create | Villager (Male) |
| 16:01 | Build | House |
| 16:08 | Build | Barracks |
| 16:22 | Research | Horse Collar |
| 16:38 | Create | Villager (Male) |
| 16:44 | Build | Stone Wall |
| 16:48 | Build | Stone Wall |
| 16:50 | Build | Stone Wall |
| 16:51 | Build | Stone Wall |
| 16:59 | Create | Villager (Male) |
| 17:25 | Create | Villager (Male) |
| 17:25 | Create | Villager (Male) |
| 17:33 | Create | Villager (Male) |
| 17:39 | Age | Castle Age |
| 17:42 | Build | Siege Workshop |
| 17:51 | Create | Villager (Male) |
| 17:52 | Create | Villager (Male) |
| 18:19 | Create | Villager (Male) |
| 18:23 | Build | Mining Camp |
| 18:32 | Create | Villager (Male) |
| 18:36 | Create | Villager (Male) |
| 18:43 | Create | Villager (Male) |
| 18:43 | Create | Villager (Male) |
| 18:51 | Create | Villager (Male) |
| 19:08 | Create | Mangonel |
| 19:24 | Create | Villager (Male) |
| 19:36 | Build | Farm |
| 19:38 | Build | Farm |
| 19:56 | Create | Villager (Male) |
| 20:12 | Create | Villager (Male) |
| 20:14 | Create | Villager (Male) |
| 20:14 | Create | Villager (Male) |
| 20:22 | Create | Villager (Male) |
| 20:25 | Create | Villager (Male) |
| 20:36 | Create | Mangonel |
| 20:38 | Create | Villager (Male) |
| 20:49 | Build | Farm |
| 20:49 | Build | Farm |
| 20:53 | Create | Villager (Male) |
| 21:15 | Create | Villager (Male) |
| 21:36 | Build | Farm |
| 21:37 | Build | Farm |
| 22:16 | Build | House |
| 22:17 | Build | House |
| 22:32 | Build | House |
| 22:34 | Research | Wheelbarrow |
| 23:07 | Build | Castle |
| 23:16 | Build | House |
| 23:18 | Build | House |
| 23:22 | Build | House |
| 23:24 | Build | House |
| 23:25 | Build | House |
| 23:47 | Build | House |
| 23:51 | Build | House |
| 24:08 | Build | House |
| 25:53 | Research | Imperial Age |
| 25:53 | Research | Imperial Age |
| 26:05 | Create | Genoese Crossbowman |
| 26:14 | Build | Lumber Camp |
| 26:24 | Create | Villager (Male) |
| 26:46 | Create | Villager (Male) |
| 26:53 | Create | Villager (Male) |
| 27:08 | Build | University |
| 27:19 | Create | Villager (Male) |
| 27:44 | Create | Villager (Male) |
| 27:46 | Build | Town Center |
| 28:18 | Build | Archery Range |
| 28:20 | Research | Fletching |
| 28:22 | Create | Villager (Male) |
| 28:37 | Create | Villager (Male) |
| 28:38 | Create | Villager (Male) |
| 28:56 | Build | Palisade Wall |
| 28:57 | Build | Farm |
| 29:03 | Age | Imperial Age |
| 29:04 | Create | Trebuchet (Packed) |
| 29:09 | Build | Stone Wall |
| 29:11 | Research | Chemistry |
| 29:20 | Build | Archery Range |
| 29:33 | Build | Stone Wall |
| 29:48 | Build | Stone Wall |
| 29:50 | Build | Stone Wall |
| 29:50 | Build | Stone Wall |
| 30:04 | Create | Villager (Male) |
| 30:15 | Build | House |
| 30:17 | Build | House |
| 30:20 | Build | House |
| 30:25 | Create | Mangonel |
| 30:37 | Create | Villager (Male) |
Build order — Emu Warrior
First 150 of 255 actions detected
| 0:01 | Create | Villager (Male) |
| 0:01 | Create | Villager (Male) |
| 0:02 | Create | Villager (Male) |
| 0:02 | Create | Villager (Male) |
| 0:02 | Create | Villager (Male) |
| 0:04 | Build | House |
| 0:05 | Build | House |
| 1:12 | Create | Villager (Male) |
| 1:12 | Create | Villager (Male) |
| 2:03 | Create | Villager (Male) |
| 2:04 | Create | Villager (Male) |
| 2:04 | Create | Villager (Male) |
| 2:09 | Build | Settlement |
| 2:29 | Create | Villager (Male) |
| 2:30 | Create | Villager (Male) |
| 3:00 | Create | Villager (Male) |
| 3:18 | Create | Villager (Male) |
| 3:35 | Create | Villager (Male) |
| 4:08 | Build | Settlement |
| 4:15 | Create | Villager (Male) |
| 4:29 | Create | Villager (Male) |
| 4:30 | Create | Villager (Male) |
| 5:23 | Create | Villager (Male) |
| 5:23 | Create | Villager (Male) |
| 5:52 | Build | Settlement |
| 6:16 | Create | Villager (Male) |
| 6:16 | Create | Villager (Male) |
| 6:19 | Create | Villager (Male) |
| 6:19 | Create | Villager (Male) |
| 6:22 | Create | Villager (Male) |
| 6:22 | Create | Villager (Male) |
| 6:58 | Create | Villager (Male) |
| 6:58 | Create | Villager (Male) |
| 6:59 | Create | Villager (Male) |
| 7:17 | Build | Farm |
| 7:19 | Build | Farm |
| 7:37 | Create | Villager (Male) |
| 8:18 | Create | Villager (Male) |
| 8:48 | Research | Loom |
| 8:49 | Research | Feudal Age |
| 9:18 | Create | Villager (Male) |
| 9:18 | Create | Villager (Male) |
| 11:13 | Build | House |
| 11:23 | Age | Feudal Age |
| 11:27 | Build | Stone Wall |
| 11:29 | Build | Market |
| 11:31 | Create | Villager (Male) |
| 11:31 | Research | Wheelbarrow |
| 11:35 | Build | Blacksmith |
| 12:10 | Build | Watch Tower |
| 12:28 | Research | Castle Age |
| 12:28 | Research | Castle Age |
| 12:58 | Build | Stone Wall |
| 14:36 | Create | Villager (Male) |
| 14:37 | Create | Villager (Male) |
| 14:50 | Build | Stone Wall |
| 15:18 | Age | Castle Age |
| 15:26 | Build | Castle |
| 15:53 | Research | Fletching |
| 16:00 | Build | Settlement |
| 16:06 | Build | Outpost |
| 16:12 | Build | Outpost |
| 16:12 | Create | Villager (Male) |
| 16:13 | Create | Villager (Male) |
| 16:24 | Create | Villager (Male) |
| 16:38 | Create | Unit 2579 |
| 16:38 | Create | Unit 2579 |
| 17:14 | Create | Unit 2579 |
| 17:19 | Create | Petard |
| 17:23 | Build | House |
| 17:35 | Create | Villager (Male) |
| 17:59 | Create | Villager (Male) |
| 18:08 | Create | Petard |
| 18:11 | Create | Villager (Male) |
| 18:18 | Build | House |
| 18:36 | Create | Villager (Male) |
| 18:38 | Create | Unit 2579 |
| 19:07 | Create | Villager (Male) |
| 19:32 | Build | Gate |
| 19:36 | Build | Monastery |
| 19:42 | Build | Outpost |
| 19:43 | Create | Villager (Male) |
| 20:00 | Research | Town Watch |
| 20:12 | Build | Siege Workshop |
| 20:26 | Create | Villager (Male) |
| 20:29 | Create | Monk |
| 20:44 | Create | Villager (Male) |
| 20:58 | Build | Barracks |
| 21:08 | Create | Villager (Male) |
| 21:10 | Create | Battering Ram |
| 21:26 | Create | Villager (Male) |
| 21:41 | Build | Barracks |
| 21:51 | Create | Mangonel |
| 21:52 | Create | Mangonel |
| 22:00 | Create | Villager (Male) |
| 22:08 | Build | Farm |
| 22:12 | Create | Unit 2582 |
| 22:23 | Build | House |
| 22:33 | Create | Monk |
| 22:48 | Create | Villager (Male) |
| 22:55 | Build | House |
| 22:58 | Build | Farm |
| 22:59 | Build | Farm |
| 23:10 | Create | Monk |
| 23:13 | Create | Unit 2582 |
| 23:13 | Create | Unit 2582 |
| 23:14 | Create | Unit 2582 |
| 24:24 | Create | Villager (Male) |
| 24:24 | Create | Villager (Male) |
| 24:26 | Build | Town Center |
| 24:33 | Create | Battering Ram |
| 24:37 | Build | Outpost |
| 24:41 | Create | Unit 2582 |
| 24:48 | Build | Farm |
| 25:01 | Create | Unit 2582 |
| 25:05 | Build | Outpost |
| 25:13 | Create | Mangonel |
| 25:20 | Create | Villager (Male) |
| 25:27 | Create | Unit 2582 ×2 |
| 25:30 | Create | Villager (Male) |
| 25:36 | Build | House |
| 25:51 | Build | Settlement |
| 25:53 | Create | Villager (Male) |
| 25:53 | Create | Villager (Male) |
| 26:09 | Build | Settlement |
| 26:15 | Build | Outpost |
| 26:17 | Create | Villager (Male) |
| 26:17 | Create | Villager (Male) |
| 26:18 | Create | Villager (Male) |
| 26:46 | Create | Battering Ram |
| 26:48 | Create | Unit 2582 ×2 |
| 27:02 | Build | House |
| 27:05 | Build | Farm |
| 27:23 | Create | Villager (Male) |
| 27:29 | Create | Battering Ram |
| 27:36 | Create | Petard ×2 |
| 27:44 | Build | House |
| 27:48 | Build | Farm |
| 27:50 | Build | Farm |
| 27:55 | Create | Unit 2582 ×2 |
| 28:16 | Create | Villager (Male) |
| 28:21 | Create | Battering Ram |
| 28:31 | Create | Unit 2582 |
| 28:35 | Create | Unit 2582 |
| 28:35 | Create | Unit 2582 |
| 28:43 | Build | Outpost |
| 28:50 | Build | Farm |
| 28:56 | Build | Farm |
| 28:56 | Build | Farm |
| 28:57 | Build | Farm |
Match timeline
| 3:31 | DS_VarVa · wall_segment Palisade Wall x2 |
| 3:32 | DS_VarVa · wall_segment Palisade Wall x8 |
| 3:56 | DS_VarVa · wall_segment Palisade Wall x1 |
| 5:15 | DS_VarVa · wall_segment Palisade Wall x1 |
| 8:40 | DS_VarVa · age_up feudal |
| 11:23 | Emu Warrior · age_up feudal |
| 11:27 | Emu Warrior · wall_segment Stone Wall x4 |
| 12:58 | Emu Warrior · wall_segment Stone Wall x1 |
| 13:36 | DS_VarVa · first_market_sell 100 stone |
| 14:48 | DS_VarVa · first_market_buy 100 food |
| 14:50 | Emu Warrior · wall_segment Stone Wall x1 |
| 15:18 | Emu Warrior · age_up castle |
| 15:26 | Emu Warrior · first_building Castle |
| 16:08 | DS_VarVa · first_building Barracks |
| 16:26 | Emu Warrior · first_market_buy 100 wood |
| 16:44 | DS_VarVa · wall_segment Stone Wall x8 |
| 16:48 | DS_VarVa · wall_segment Stone Wall x5 |
| 16:50 | DS_VarVa · wall_segment Stone Wall x1 |
| 16:51 | DS_VarVa · wall_segment Stone Wall x1 |
| 17:39 | DS_VarVa · age_up castle |
| 17:42 | DS_VarVa · first_building Siege Workshop |
| 19:36 | Emu Warrior · first_building Monastery |
| 20:12 | Emu Warrior · first_building Siege Workshop |
| 20:58 | Emu Warrior · first_building Barracks |
| 21:02 | Emu Warrior · first_market_sell 100 stone |
| 23:07 | DS_VarVa · first_building Castle |
| 28:18 | DS_VarVa · first_building Archery Range |
| 28:56 | DS_VarVa · wall_segment Palisade Wall x1 |
| 29:03 | DS_VarVa · age_up imperial |
| 29:09 | DS_VarVa · wall_segment Stone Wall x3 |
| 29:33 | DS_VarVa · wall_segment Stone Wall x1 |
| 29:48 | DS_VarVa · wall_segment Stone Wall x3 |
| 29:50 | DS_VarVa · wall_segment Stone Wall x1 |
| 29:50 | DS_VarVa · wall_segment Stone Wall x1 |
| 30:47 | DS_VarVa · wall_segment Stone Wall x1 |
| 30:48 | DS_VarVa · wall_segment Stone Wall x1 |
| 30:49 | DS_VarVa · wall_segment Stone Wall x1 |
| 31:01 | DS_VarVa · wall_segment Stone Wall x2 |
| 31:02 | DS_VarVa · wall_segment Stone Wall x6 |
| 31:04 | DS_VarVa · wall_segment Stone Wall x1 |
| 38:59 | Emu Warrior · resign |
[ AI ANALYSIS · 1 CREDIT ]
What really happened in this match?
Wolo.gg analyzes every decision: build order, eco, micro, common mistakes by bracket. Personalized analysis on WhatsApp or Discord in 30 seconds.
Civ guide
Italians
Perfil
Jugador #4129359